 Dungeon Crawl Stone Soup version 0.26.0-18-gc5c842f807 (webtiles) character file.

Game seed: 714403680231305650

1304 Kejsarherre the Covert (level 8, -11/50 HPs)
             Began as an Octopode Earth Elementalist on Jan 23, 2021.
             Was a Priest of Vehumet.
             Mangled by an orc warrior
             ... wielding a +0 halberd
              (20 damage)
             ... on level 5 of the Dungeon.
             The game lasted 00:24:54 (7358 turns).

Kejsarherre the Covert (OpEE)                       Turns: 7358, Time: 00:24:55

Health: -11/50     AC:  3    Str:  5 (8)  XL:     8   Next: 57%
Magic:  12/12      EV: 15    Int: 16 (19) God:    Vehumet [***...]
Gold:   239        SH:  0    Dex:  9 (12) Spells: 11/17 levels left

rFire    . . .     SeeInvis .   b - +0 dagger
rCold    . . .     Faith    .   (no shield)
rNeg     . . .     Spirit   .   (helmet restricted)
rPois    .         Reflect  .   j - amulet of the acrobat
rElec    .         Harm     .   (no ring)
rCorr    .         Rampage  .   (no ring)
Will     .....                  (no ring)
Stlth    +++++.....             (no ring)
HPRegen  0.16/turn              (no ring)
MPRegen  0.13/turn              (no ring)
                                (no ring)
                                (no ring)

@: attractive
A: almost no armour, stealthy swim, amphibious, 8 rings, constrict 8, repulsion
field 1, icy blue scales 1, camouflage 1, low mp 2, gelatinous body 1, subdued
magic 1
a: Renounce Religion


You were on level 5 of the Dungeon.
You worshipped Vehumet.
Vehumet was most pleased with you.
You visited 1 branch of the dungeon, and saw 6 of its levels.

You collected 239 gold pieces.

Inventory:

Hand Weapons
 b - a +0 dagger (weapon)
Missiles
 n - 30 stones
Jewellery
 j - an amulet of the acrobat (around mantle)
Wands
 p - a wand of digging (6)
Scrolls
 a - 3 scrolls of enchant weapon {unknown}
 d - 4 scrolls of remove curse {unknown}
 f - 3 scrolls of magic mapping {unknown}
 g - 4 scrolls of teleportation {unknown}
 i - 2 scrolls of noise {unknown}
 k - 3 scrolls of fear
 l - a scroll of blinking {unknown}
Potions
 c - a potion of invisibility
 e - a potion of brilliance
 h - 2 potions of might
 m - 2 potions of curing
 o - a potion of attraction


   Skills:
 - Level 2.0 Fighting
 - Level 2.0 Dodging
 + Level 9.0 Stealth
 - Level 5.0 Spellcasting
 - Level 3.1 Conjurations
 - Level 1.0 Transmutations
 - Level 5.6 Earth Magic


You had 11 spell levels left.
You knew the following spells:

 Your Spells              Type           Power        Failure   Level
a - Sandblast             Erth           32%          1%          1
b - Stone Arrow           Conj/Erth      26%          1%          3
c - Passwall              Tmut/Erth      9%           4%          2

Your spell library contained the following spells:

 Spells                   Type           Power        Failure   Level
 Airstrike                Air            1%           32%         4
 Lee's Rapid Deconstruct  Erth           8%           10%         5
 Petrify                  Tmut/Erth      11%          32%         4


Dungeon Overview and Level Annotations

Branches:
Dungeon (6/15)             Temple (0/1) D:4

Altars:
Ashenzari
Dithmenos
Fedhas
Gozag
Nemelex Xobeh
Okawaru
Sif Muna
Trog
Vehumet
Yredelemnul

Shops:
D:2 *

Annotations:
D:5 exclusions: door and 2 more exclusions


Innate Abilities, Weirdness & Mutations

You cannot wear most types of armour.
You are very stealthy in the water. (Stealth+)
You are amphibious.
You can wear up to eight rings at the same time.
You can use your tentacles to constrict eight enemies at once.
Your skin changes colour to match your surroundings (Stealth+).
Your rubbery body absorbs attacks. (AC +1, EV +1)
You are surrounded by a mild repulsion field. (EV +2)
You are partially covered in icy blue scales. (AC +2)
Your magical capacity is very low. (-20% MP)
Your spells are a little easier to cast, but a little less powerful.


Message History

There is a stone staircase leading up here.
You climb upwards.
Level annotation: exclusions: door and 2 more exclusions The orc warrior closely misses you.
The orc hits you with a +0 short sword.
There is a stone staircase leading down here.
The orc warrior hits you from afar with a +0 halberd!
* * * LOW HITPOINT WARNING * * *
The orc misses you. The orc warrior completely misses you.
The orc hits you with a +0 short sword.
* * * LOW HITPOINT WARNING * * *
Evoke which item? (* to show all) (? for menu, Esc to quit)
Okay, then.
It was a potion of attraction.
You feel attractive to monsters. The orc warrior is pulled toward you!
The orc is pulled toward you!
It was a potion of degeneration.
There was something very wrong with that liquid.
You feel weakened.
You feel dopey.
You feel clumsy.
The orc warrior hits you with a +0 halberd!!
You die...

#####
#.#.################
#...#...............
#.#.#.##############
#.#@#.# #.#o#.#
#.#o#.# #.#.#.#
#.#.#.# #.#.#.#
#######'#.#.#
#.........#.#
#.........#.#### ..


You could see an orc warrior and an orc.

Vanquished Creatures
  A phantom (D:4)
  2 ogres
  A scorpion (D:4)
  2 orc priests (D:5)
  5 gnoll shamans (D:3)
  6 orc wizards
  5 worker ants
  34 gnolls
  4 adders
  An ufetubus (D:5)
  An adder skeleton (D:5)
  A worm (D:2)
  3 dart slugs
  3 leopard geckos
  13 orcs
  6 bats
  5 giant cockroaches
  15 goblins
  9 hobgoblins
  25 jackals
  10 kobolds
  A quokka (D:2)
  4 frilled lizards
  A leopard gecko zombie (D:5)
  7 rats
165 creatures vanquished.

Vanquished Creatures (others)
  A plant (D:3)
1 creature vanquished.

Grand Total: 166 creatures vanquished

Notes
Turn   | Place    | Note
-------+----------+-------------------------------------------
     0 | D:1      | Kejsarherre the Octopode Earth Elementalist began the quest
                  | for the Orb.
     0 | D:1      | Reached XP level 1. HP: 11/11 MP: 3/3
    55 | D:1      | Reached skill level 1 in Fighting
    55 | D:1      | Reached XP level 2. HP: 13/18 MP: 0/5
   718 | D:1      | Reached XP level 3. HP: 24/24 MP: 6/6
  1118 | D:2      | Learned a level 3 spell: Stone Arrow
  1180 | D:2      | Found a shadowy altar of Dithmenos.
  1200 | D:2      | Found a bloodstained altar of Trog.
  1708 | D:2      | Found an opulent altar of Gozag.
  1714 | D:2      | Found Gozag's Platinum Reserve.
  1736 | D:2      | Found a shimmering blue altar of Sif Muna.
  1775 | D:2      | Found an iron altar of Okawaru.
  1800 | D:2      | Found a radiant altar of Vehumet.
  1807 | D:2      | Became a worshipper of Vehumet
  1826 | D:2      | Found a broken altar of Ashenzari.
  1969 | D:2      | Reached skill level 1 in Conjurations
  1969 | D:2      | Reached XP level 4. HP: 29/29 MP: 5/8
  2876 | D:3      | Reached * piety under Vehumet
  2876 | D:3      | Offered knowledge of Foxfire by Vehumet.
  3049 | D:3      | Reached XP level 5. HP: 19/34 MP: 5/10
  3527 | D:3      | Reached XP level 6. HP: 39/39 MP: 10/12
  3655 | D:3      | Offered knowledge of Magic Dart by Vehumet.
  3692 | D:3      | Reached ** piety under Vehumet
  4151 | D:3      | Reached skill level 5 in Earth Magic
  4151 | D:3      | Reached XP level 7. HP: 39/45 MP: 11/13
  4236 | D:3      | Learned a level 2 spell: Passwall
  4686 | D:4      | Reached skill level 5 in Spellcasting
  4713 | D:4      | Offered knowledge of Static Discharge by Vehumet.
  4800 | D:4      | Found a staircase to the Ecumenical Temple.
  4822 | D:4      | Reached skill level 3 in Stealth
  4852 | D:4      | Reached skill level 4 in Stealth
  5215 | D:4      | Reached skill level 5 in Stealth
  5215 | D:4      | Reached XP level 8. HP: 30/50 MP: 10/15
  5582 | D:4      | Reached skill level 6 in Stealth
  5649 | D:4      | Gained mutation: You occasionally shout uncontrollably at
                  | your foes. [potion of mutation]
  5649 | D:4      | Gained mutation: Your spells are a little easier to cast,
                  | but a little less powerful. [potion of mutation]
  5649 | D:4      | Gained mutation: You have a pair of small antennae on your
                  | head. [potion of mutation]
  5649 | D:4      | Gained mutation: Your flesh is heat resistant. (rF+)
                  | [potion of mutation]
  5650 | D:4      | Lost mutation: Your flesh is heat resistant. (rF+) [potion
                  | of mutation]
  5650 | D:4      | Lost mutation: You occasionally shout uncontrollably at
                  | your foes. [potion of mutation]
  5650 | D:4      | Gained mutation: Your magical capacity is low. (-10% MP)
                  | [potion of mutation]
  5650 | D:4      | Gained mutation: You are strong-willed. (Will+) [potion of
                  | mutation]
  5666 | D:4      | Found a blossoming altar of Fedhas.
  5673 | D:4      | Reached *** piety under Vehumet
  5807 | D:4      | Found a sparkling altar of Nemelex Xobeh.
  5844 | D:5      | Entered Level 5 of the Dungeon
  5855 | D:5      | Reached skill level 7 in Stealth
  6306 | D:5      | Found a basalt altar of Yredelemnul.
  6340 | D:5      | Offered knowledge of Airstrike by Vehumet.
  6344 | D:5      | Reached skill level 8 in Stealth
  7255 | D:6      | Reached skill level 9 in Stealth
  7263 | D:6      | Lost mutation: You are strong-willed. (Will+) [potion of
                  | mutation]
  7263 | D:6      | Lost mutation: You have a pair of small antennae on your
                  | head. [potion of mutation]
  7263 | D:6      | Gained mutation: You are partially covered in icy blue
                  | scales. (AC +2) [potion of mutation]
  7263 | D:6      | Gained mutation: Your magical capacity is very low. (-20%
                  | MP) [potion of mutation]
  7263 | D:6      | Gained mutation: You are surrounded by a mild repulsion
                  | field. (EV +2) [potion of mutation]
  7358 | D:5      | Mangled by an orc warrior

Illustrated notes

Levels and vault maps discovered:
D:1:      lightli_arrival_maybe_door_vault, layout_basic, minmay_surrounded
D:2:      minmay_wonky_spiral, layout_rooms, grunt_dithmenos_smoke,
          marbit_many_paths, nicolae_ashenzari_panopticon, old_standard_altar,
          fiery_altar_vehumet, nicolae_gozag_zags_fifth_avenue,
          trog_hazing_becter
D:3:      lemuel_castle_with_subvaults [lemuel_castle_interior_carwin_3],
          layout_loops_corners
D:4:      layout_basic, fedhas_altar_1, minmay_temple_entry_from_below_b,
          kennysheep_nondescript, nemelex_spade_bored_becter
D:5:      layout_basic, basic_altar
D:6:      layout_loops_corners, st_stairs_5, grunt_ministairs_9

Skill      XL: |  1  2  3  4  5  6  7  8 |
---------------+-------------------------+-----
Fighting       | 1 2 |  2.0
Spellcasting   | 3 4 5 |  5.0
Conjurations   | 1 2 3 |  3.1
Earth Magic    | 5 |  5.6
Stealth        | 5 9 |  9.0
Dodging        | |  2.0
Transmutations | |  1.0

Action                   |  1- 3 |  4- 6 |  7- 9 || total
-------------------------+-------+-------+-------++-------
Melee: Unarmed           |    75 |    55 |    15 ||   145
       Tentacles         |    15 |    12 |    18 ||    45
       Constrict         |    22 |    18 |    21 ||    61
       Dagger            |       |       |    79 ||    79
 Cast: Sandblast         |    40 |   121 |    47 ||   208
       Stone Arrow       |       |     1 |    30 ||    31
  Use: Scroll            |     2 |       |     3 ||     5
       Potion            |       |       |     8 ||     8
 Stab: Sleeping          |     4 |     3 |     9 ||    16
       Distracted        |     1 |       |     2 ||     3
Armor: Skin              |     8 |     6 |     9 ||    23
Dodge: Dodged            |    76 |    65 |    73 ||   214
